 Dungeon Crawl Stone Soup version 0.29-a0-582-ge82337ba6a (webtiles) character file.

Game seed: 8280352021253690946

48 croobank the Skirmisher (level 3, 0/29 HPs)
             Began as a Demonspawn Abyssal Knight on June 15, 2022.
             Was a Priest of Lugonu.
             Slain by a hobgoblin (5 damage)
             ... led by Robin
             ... on level 3 of the Dungeon.
             The game lasted 00:04:57 (1960 turns).

croobank the Skirmisher (Demonspawn Abyssal Knight) Turns: 1960, Time: 00:04:58

Health: 0/29       AC:  7    Str: 13    XL:     3   Next: 50%
Magic:  5/5        EV: 10    Int: 13    God:    Lugonu [***...]
Gold:   60         SH:  0    Dex: 13    Spells: 2/2 levels left

rFire   . . .      SeeInvis .   l - +0 dagger (venom)
rCold   . . .      Faith    .   (no shield)
rNeg    . . .      Spirit   .   j - +0 ring mail
rPois   .          Reflect  .   (no helmet)
rElec   .          Harm     .   (no cloak)
rCorr   .          Rampage  .   (no gloves)
Will    .....                   (no boots)
Stlth   +.........              (no amulet)
HPRegen 0.09/turn               (no ring)
MPRegen 0.18/turn               (no ring)

@: no status effects
A: molten scales 1, magic regeneration
a: Renounce Religion, Depart the Abyss, Bend Space, Banish


You were on level 3 of the Dungeon.
You worshipped Lugonu.
Lugonu was most pleased with you.
You visited 1 branch of the dungeon, and saw 3 of its levels.
You visited the Abyss 1 time.

You collected 60 gold pieces.

Inventory:

Hand Weapons
 a - a +1 hand axe
 e - a +0 whip
 l - a +0 dagger of venom (weapon)
 q - a +0 hunting sling
 r - a +0 falchion
Missiles
 c - 5 poisoned darts
Armour
 b - a +0 leather armour
 j - a +0 ring mail (worn)
Scrolls
 n - a scroll of identify {unknown}
 s - a scroll of amnesia {unknown}
 t - a scroll of noise {unknown}
Potions
 d - a potion of curing {unknown}
 g - 2 potions of haste {unknown}
 h - a potion of might {unknown}
 i - a potion of attraction {unknown}
 k - a potion of cancellation {unknown}
 o - a potion of magic {unknown}
 p - a potion of experience {unknown}


   Skills:
 + Level 3.3 Fighting
 + Level 2.2 Axes
 + Level 2.2 Armour
 + Level 1.5 Dodging
 + Level 3.1 Invocations


You had 2 spell levels left.
You didn't know any spells.
Your spell library contained the following spells:

 Spells                   Type           Power      Damage    Failure   Level
 Call Canine Familiar     Summ           0%         N/A       89%         3
 Inner Flame              Hex/Fire       0%         N/A       89%         3
 Portal Projectile        Hex/Tloc       0%         N/A       89%         3
 Cause Fear               Hex            0%         N/A       100%        4
 Leda's Liquefaction      Hex/Erth       0%         N/A       100%        4
 Discord                  Hex            0%         N/A       100%        8


Dungeon Overview and Level Annotations

Branches:
Dungeon (3/15)

Altars:

Annotations:
D:2 Robin


Innate Abilities, Weirdness & Mutations

You are partially covered in molten scales. (AC +2)
You regenerate magic rapidly.


Message History

The goblin is severely wounded.
You kill the goblin!
Lugonu accepts your kill.
You barely miss the hobgoblin. The hobgoblin attacks as you move away!
The hobgoblin barely misses you.
You hit the hobgoblin.
The hobgoblin is poisoned.
The hobgoblin is lightly wounded.
The hobgoblin hits you.
* * * LOW HITPOINT WARNING * * *
There is an open door here.
The hobgoblin attacks as you move away! The hobgoblin barely misses you.
The hobgoblin no longer looks unusually strong.
You hit the hobgoblin.
You kill the hobgoblin!
Lugonu accepts your kill.
Robin roars a battlecry!
The hobgoblin goes into a battle-frenzy!
Found a robe.
Found 7 gold pieces.
You see here a +0 robe.
The hobgoblin no longer looks unusually strong.
You open the door.
Found a scroll labelled QOEJO ESEZU.
Found a stone staircase leading down.
Robin roars a battlecry!
The hobgoblin goes into a battle-frenzy!
There is an open door here.
The hobgoblin attacks as you move away! The hobgoblin hits you.
* * * LOW HITPOINT WARNING * * *
There is a stone staircase leading down here.
You climb downwards.
The adder hisses angrily.
Found 8 gold pieces.
Found two stone staircases leading up.
There is a stone staircase leading up here.
You are too injured to fight recklessly!
You are too injured to fight recklessly!
You are too injured to fight recklessly!
You hit the hobgoblin.
The hobgoblin is poisoned.
The hobgoblin is moderately wounded.
The hobgoblin hits you.
You die...

#########
#.......##
###.$.......
#...........
#....S......
#<..........
..##...g.......
.......@.......
###.##.##......
#. #..## .. ..#
... . ....
..... g...<.


You could see an adder and 2 hobgoblins.

Vanquished Creatures
  An adder (D:2)
  A dart slug (D:1)
  2 ball pythons (D:1)
  A bat (D:1)
  3 endoplasms
  A giant cockroach (D:2)
  9 goblins
  4 hobgoblins
  A quokka (D:1)
  A frilled lizard (D:1)
  5 kobolds
  2 rats (D:2)
31 creatures vanquished.

Notes
Turn   | Place    | Note
-------+----------+-------------------------------------------
     0 | Abyss:1  | croobank the Demonspawn Abyssal Knight began the quest for
                  | the Orb.
     0 | Abyss:1  | Reached XP level 1. HP: 18/18 MP: 2/2
     7 | D:1      | Escaped the Abyss
   216 | D:1      | Reached skill level 1 in Dodging
   703 | D:1      | Gained mutation: You are partially covered in molten
                  | scales. (AC +2) [demonic ancestry]
   703 | D:1      | Reached XP level 2. HP: 24/24 MP: 4/4
  1291 | D:2      | Gained mutation: You regenerate magic rapidly. [demonic
                  | ancestry]
  1291 | D:2      | Reached XP level 3. HP: 23/29 MP: 5/5
  1533 | D:2      | Reached *** piety under Lugonu
  1858 | D:2      | Noticed Robin
  1960 | D:3      | Slain by a hobgoblin

Illustrated notes

Levels and vault maps discovered:
D:1:      dpeg_arrival_tiny_d, layout_loops_corners
D:2:      layout_loops_corners, dreamdust_ecumenical_altar_statues,
          serial_bayou_lake_a, uniq_robin
D:3:      layout_rooms, mainiacjoe_overflow_boulevard,
          chequers_hall_statues_corner_a

Skill      XL: |  1  2 |
---------------+-------+-----
Dodging        | 1 |  1.5
Axes           | 2 |  2.2
Armour         | 2 |  2.2
Invocations    | 3 |  3.1
Fighting       | |  3.3

Action                   || total
-------------------------++-------
Melee: Hand axe          ||    96
       Dagger            ||     5
       Punch             ||     1
  Use: Scroll            ||     2
 Stab: Sleeping          ||     1
Armor: Leather armour    ||     2
       Ring mail         ||    51
Dodge: Dodged            ||    62

Table legend: (Time is in decaauts)
 A = Elapsed time spent in this place.
 B = Non-inter-level travel time spent in this place.
 C = Inter-level travel time spent in this place.
 D = Time resting spent in this place.
 E = Time spent auto-exploring this place.
 F = Levels seen in this place.
 G = Mean time per level.
                   A        B        C        D        E       F      G
               +--------+--------+--------+--------+--------+-----+--------+
         Total |   2007 |   1943 |     64 |    226 |   1333 |   4 |  501.8 |
       Dungeon |   2000 |   1936 |     64 |    226 |   1333 |   3 |  666.7 |
         Abyss |      7 |      7 |      0 |      0 |      0 |   1 |    7.0 |
               +--------+--------+--------+--------+--------+-----+--------+

Top non-repeatable levels by time:
     D:1: 1246 daAuts
     D:2: 753 daAuts
 Abyss:1: 7 daAuts
     D:3: 0 daAuts
